Map: Dragon Scales LE

Players

winzboy

  • Race: Terran Terran
  • League: Gold
  • Spawn Location: 5:00

VOD

Have the link to the VOD?

Description

Time

  • Played on: May 26, 2023, 11:05 p.m.
  • Length: 14:09
Show
View Real Time Build Order
Export as new Build Order

winzboy Terran 

Build Orders:  

Get SALT Encoding   

  12  0:02  SCV  
  13  0:21  SCV  
  14  0:30  Supply Depot  
  14  0:38  SCV  
  15  0:56  Refinery  
  15  1:00  SCV  
  16  1:17  SCV  
  17  1:23  Barracks  
  17  1:34  SCV  
  18  1:51  SCV  
  19  2:08  SCV  
  20  2:24  Supply Depot  
  20  2:36  Command Center  
  20  2:46  Barracks Reactor  
  20  2:51  Orbital Command  
  20  3:39  Marine, Refinery  
  21  3:48  Marine  
  22  4:01  Barracks  
  22  4:05  SCV  
  23  4:22  SCV  
  23  4:29  Marine x2  
  26  4:39  SCV  
  27  4:44  SCV  
  28  4:55  Marine x2, SCV  
  31  5:01  SCV  
  31  5:07  Supply Depot  
  32  5:10  Barracks  
  32  5:12  SCV  
  32  5:18  SCV  
  34  5:25  Factory  
  34  5:27  Barracks Tech Lab  
  34  5:35  SCV  
  34  5:39  Supply Depot  
  37  5:50  Reaper  
  37  5:51  Reaper  
  37  5:59  SCV  
  38  6:08  Marauder  
  40  6:15  Marine  
  40  6:16  SCV  
  42  6:29  Starport  
  42  6:30  Marine  
  42  6:33  SCV  
  42  6:37  Factory Tech Lab  
  42  6:38  Marauder  
  46  6:42  Unknown  
  46  6:50  SCV  
  46  6:51  SCV  
  46  6:59  Marine x2  
  50  7:05  Barracks Tech Lab  
  50  7:07  SCV  
  50  7:08  Marauder, SCV  
  54  7:23  Supply Depot  
  54  7:24  SCV  
  54  7:25  SCV  
  56  7:41  SCV  
  56  7:42  SCV  
  58  7:55  Medivac, Supply Depot  
  58  7:58  SCV  
  58  7:59  SCV  
  62  8:02  Stimpack  
  62  8:10  Marine  
  62  8:11  Marine  
  62  8:12  Marauder  
  62  8:13  Marauder  
  68  8:33  Supply Depot  
  68  8:37  Medivac  
  70  9:02  Refinery  
  70  9:05  Refinery  
  70  9:06  Supply Depot  
  70  9:11  Marine x2  
  70  9:12  Marine x2  
  70  9:14  Supply Depot  
  74  9:20  Medivac  
  74  9:29  Factory Tech Lab  
  76  9:36  Marine x3  
  79  9:46  Supply Depot  
  79  9:55  Barracks  
  79  9:56  Supply Depot  
  79  10:01  Orbital Command  
  79  10:24  Marine  
  79  10:25  Marine x3  
  79  10:27  Supply Depot  
  64  10:30  Siege Tank  
  86  10:47  Medivac  
  86  10:49  Marine  
  89  10:59  Supply Depot  
  89  11:02  Barracks  
  89  11:05  SCV  
  90  11:14  Siege Tank  
  93  11:22  SCV  
  94  11:31  Supply Depot  
  94  11:35  Factory  
  94  11:47  Engineering Bay  
  94  11:56  Marine x2  
  94  11:58  Marauder x2  
  100  12:01  Barracks Reactor  
  100  12:02  Supply Depot  
  100  12:12  Marine  
  101  12:21  Marine  
  101  12:28  Marauder, Siege Tank  
  107  12:34  Medivac, Supply Depot  
  107  12:36  Marine  
  107  12:37  Marine  
  111  12:40  Barracks  
  111  12:46  Marine  
  112  12:58  Marine  
  113  13:01  Marine x3  
  113  13:02  Marauder  
  113  13:06  Supply Depot  
  113  13:09  Command Center  
  118  13:13  Siege Tank  
  118  13:16  Medivac  
  123  13:23  Marauder  
Tags
 
League
Gold
Matchup
Co-op
Replay Pack
Multiplayer
Add a new tag
Caveats
  • Supply blocks, unpowered buildings, or Contaminate may cause inaccurate times.
  • Supply counts are checked every 10 seconds.